 Dungeon Crawl Stone Soup version 0.24.0-125-gc4c63601f3 (webtiles) character file.

Game seed: 5980319925708527887, levelgen mode: deterministic

12169 Mrkan the Cleaver (level 11, -1/101 HPs)
             Began as a Minotaur Fighter on Feb 25, 2020.
             Was a Believer of Ashenzari.
             Slain by a spiny frog (10 damage)
             ... on level 1 of the Lair of Beasts.
             The game lasted 00:18:12 (9429 turns).

Mrkan the Cleaver (Minotaur Fighter)                Turns: 9429, Time: 00:18:12

Health: -1/101     AC: 14    Str: 28    XL:     11   Next: 58%
Magic:  10/10      EV:  7    Int:  5    God:    Ashenzari [**....]
Gold:   547        SH: 13    Dex: 11    Spells: 10/10 levels left

rFire    + . .     SeeInvis .   p - +2 war axe (chop) (curse)
rCold    . . .     Gourm    .   c - +0 shield
rNeg     . . .     Faith    .   q - +0 plate armour
rPois    .         Spirit   .   (helmet restricted)
rElec    .         Reflect  .   (no cloak)
rCorr    .         Harm     .   (no gloves)
MR       .....                  (no boots)
Stlth    ..........             (no amulet)
HPRegen  0.26/turn              y - ring of protection from fire
MPRegen  0.12/turn              (no ring)

@: mighty, silence (expiring)
A: retaliatory headbutt, horns 2
a: Renounce Religion


You were on level 1 of the Lair of Beasts.
You worshipped Ashenzari.
Ashenzari was pleased with you.
You were not hungry.

You visited 2 branches of the dungeon, and saw 11 of its levels.

You collected 547 gold pieces.

Inventory:

Hand Weapons
 p - a cursed +2 war axe of chopping (weapon)
 u - the +11 hunting sling of Courage {venom, *Contam rF+ MP+9}
   (You found it on level 6 of the Dungeon)

   It poisons the ammo it fires.
   It protects you from fire.
   It affects your magic capacity (+9).
   It causes magical contamination when unequipped.
Missiles
 C - 6 poisoned darts (quivered)
 F - 8 silver javelins
Armour
 c - a +0 shield (worn)
 k - a +0 hat of magic resistance
 q - a +0 plate armour (worn)
 K - a +3 shield
Jewellery
 l - an uncursed amulet of faith
 r - a +4 ring of intelligence
 y - a ring of protection from fire (left hand)
Wands
 A - a wand of polymorph (6)
 D - a wand of enslavement (5)
Scrolls
 e - 5 scrolls of identify
 h - 10 scrolls of teleportation
 i - 3 scrolls of immolation
 j - 2 scrolls of fear
 m - 4 scrolls of enchant armour
 n - 2 scrolls of blinking
 s - 4 scrolls of amnesia
 B - 4 scrolls of remove curse
 G - 2 scrolls of magic mapping {unknown}
 I - 2 scrolls of random uselessness {unknown}
Potions
 a - a potion of lignification
 b - a potion of mutation {unknown}
 d - a potion of might
 g - a potion of haste {unknown}
 o - a potion of resistance {unknown}
 t - a potion of degeneration {unknown}
 v - a potion of magic {unknown}
 x - 4 potions of flight {unknown}
 J - a potion of curing
Comestibles
 f - 15 rations
 H - 2 chunks of flesh


   Skills:
 + Level 10.6 Fighting
 * Level 13.7(15.6) Axes
 + Level 10.6 Armour
 + Level 10.5 Shields


You had 10 spell levels left.
You didn't know any spells.
Your spell library was empty.

Dungeon Overview and Level Annotations

Branches:
Dungeon (10/15)            Temple (0/1) D:4            Lair (1/6) D:10
    Orc: D:9-12

Altars:
Ashenzari
Dithmenos
Elyvilon
Fedhas
Hepliaklqana
Kikubaaqudgha
Qazlal
Sif Muna
Trog
Uskayaw
Wu Jian
Xom
The Shining One

Annotations:
D:7 2 transporters, brucemayne's ghost, amateur HOMo


Innate Abilities, Weirdness & Mutations

You reflexively headbutt those who attack you in melee.
You have a pair of horns on your head.


Message History

You block the komodo dragon's attack.
You see here a water moccasin corpse.
The basilisk gazes at you. You resist with some effort.
A water moccasin comes into view.
The spiny frog stings you!
* * * LOW HITPOINT WARNING * * *
Found a potion of agility.
You see here an uncursed chain mail.
You feel very mighty all of a sudden.
You slash the komodo dragon!
The komodo dragon is heavily wounded.
The komodo dragon bites you!!
* * * LOW HITPOINT WARNING * * *
You slice the komodo dragon!!
You kill the komodo dragon!
You closely miss the spiny frog. You headbutt the spiny frog!!
The spiny frog is heavily wounded.
The spiny frog stings you!
You die...

, * * , * * *.#
,# * .#*.## ,
#.##..# * ,
.!...#
#.######.....#
,,.............##
* ,
#............P# ,
,* #S. #@# , * ,
..#*#F# * *
#****#.# #S## , *
, #.#.####{#
#l.#* ,
......[..###§## ,
#........F§§.# **
* #....##†.§§§##
, , **#.. ##.§###
* # , * #..#


You could see a spiny frog, a basilisk and a water moccasin.

Vanquished Creatures
  Gastronok (Lair:1)
  3 two-headed ogres
  A cyclops (D:9)
  A gargoyle (D:10)
  A spiny frog (Lair:1)
  2 komodo dragons (Lair:1)
  A troll (D:10)
  5 hippogriffs
  Sigmund (D:5)
  A yak (D:10)
  Eustachio (D:5)
  Menkaure (D:7)
  A hungry ghost (D:8)
  A basilisk (D:10)
  4 water moccasins
  Duvessa (D:4)
  2 orc warriors
  2 ice beasts
  2 black bears
  5 sky beasts
  An eye of draining (D:10)
  2 ogres
  A phantom (D:8)
  2 centaurs
  4 crocodiles
  A big kobold (D:10)
  A gnoll sergeant (D:9)
  6 bullfrogs
  Dowan (D:4)
  3 scorpions
  12 killer bees
  4 wights
  3 howler monkeys
  A bullfrog zombie (D:8)
  3 crimson imps
  A centaur zombie (D:5)
  5 jellies
  3 orc priests
  3 hounds
  12 orc wizards
  3 bullfrog skeletons
  Jessica (D:3)
  A centaur skeleton (D:8)
  6 iguanas
  5 worker ants
  A hound zombie (D:7)
  A hound skeleton (D:9)
  A howler monkey skeleton (D:9)
  10 gnolls
  9 adders
  A river rat (D:3)
  4 shadow imps
  An adder zombie (D:5)
  2 adder skeletons
  2 worms (D:3)
  A dart slug (D:1)
  4 leopard geckos
  39 orcs
  4 ball pythons
  8 bats
  8 giant cockroaches
  7 goblins
  2 hobgoblins (D:3)
  6 jackals
  6 quokkas
  3 frilled lizards (D:1)
  12 kobolds
  A quokka zombie (D:5)
  5 rats
  A fungus (Lair:1)
261 creatures vanquished.

Vanquished Creatures (others)
  A fungus (Lair:1)
1 creature vanquished.

Grand Total: 262 creatures vanquished

Notes
Turn   | Place    | Note
-------+----------+-------------------------------------------
     0 | D:1      | Mrkan the Minotaur Fighter began the quest for the Orb.
     0 | D:1      | Reached XP level 1. HP: 19/19 MP: 0/0
     6 | D:1      | Noticed a redback
     6 | D:1      | Noticed an iguana
     6 | D:1      | Noticed a black bear
   122 | D:1      | Reached XP level 2. HP: 23/27 MP: 1/1
   142 | D:1      | Reached skill level 3 in Axes
   650 | D:2      | Reached XP level 3. HP: 27/33 MP: 2/2
   671 | D:2      | Found a blossoming altar of Fedhas.
  1202 | D:2      | Found a shadowy altar of Dithmenos.
  1384 | D:3      | Reached XP level 4. HP: 35/40 MP: 3/3
  1388 | D:3      | Reached skill level 4 in Axes
  1405 | D:3      | HP: 1/40 [orc wizard/+0 dagger (4)]
  1659 | D:3      | You fall into a shaft and drop 3 floors!
  1665 | D:6      | Reached XP level 5. HP: 37/47 MP: 4/4
  1716 | D:6      | Got a polished hunting sling
  1763 | D:6      | Noticed a centaur
  1765 | D:6      | Reached skill level 5 in Axes
  1768 | D:6      | Reached XP level 6. HP: 9/55 MP: 5/5
  1771 | D:6      | Reached skill level 5 in Fighting
  1771 | D:6      | Reached skill level 5 in Armour
  1771 | D:6      | Reached skill level 5 in Shields
  2028 | D:6      | Found a shattered altar of Ashenzari.
  2051 | D:6      | Became a worshipper of Ashenzari the Shackled
  2063 | D:6      | Identified the +11 hunting sling of Courage {venom, *Contam
                  | rF+ MP+9} (You found it on level 6 of the Dungeon)
  2196 | D:6      | Reached skill level 6 in Axes
  2204 | D:6      | Reached XP level 7. HP: 59/61 MP: 6/6
  2404 | D:6      | Reached skill level 7 in Axes
  2736 | D:6      | Found a glowing golden altar of the Shining One.
  2757 | D:6      | Reached XP level 8. HP: 42/70 MP: 7/7
  3068 | D:5      | Entered Level 5 of the Dungeon
  3068 | D:5      | Found a bloodstained altar of Trog.
  3068 | D:5      | Found a stormy altar of Qazlal.
  3134 | D:5      | Reached skill level 8 in Axes
  3156 | D:5      | Noticed Sigmund
  3180 | D:5      | Killed Sigmund
  3226 | D:5      | Noticed Eustachio
  3264 | D:5      | Killed Eustachio
  3264 | D:5      | Reached skill level 9 in Axes
  3610 | D:5      | Found a white marble altar of Elyvilon.
  3814 | D:4      | Found a staircase to the Ecumenical Temple.
  3822 | D:4      | Noticed Duvessa
  3822 | D:4      | Noticed Dowan
  3829 | D:4      | Killed Duvessa
  3835 | D:4      | Killed Dowan
  3835 | D:4      | Reached XP level 9. HP: 62/79 MP: 8/8
  3924 | D:4      | Reached * piety under Ashenzari
  4244 | D:4      | Found a shimmering altar of Xom.
  5109 | D:3      | Noticed Jessica
  5112 | D:3      | Killed Jessica
  5120 | D:3      | Found a shimmering blue altar of Sif Muna.
  5376 | D:7      | Noticed Menkaure
  5401 | D:7      | HP: 1/80 [Menkaure (5)]
  5402 | D:7      | Killed Menkaure
  5402 | D:7      | Reached skill level 10 in Axes
  5783 | D:7      | Noticed a +0 hand axe
  5783 | D:7      | Noticed a +0 hand axe
  5805 | D:7      | Found a hide-covered altar of Uskayaw.
  5963 | D:7      | Found an ancient bone altar of Kikubaaqudgha.
  5984 | D:7      | Reached ** piety under Ashenzari
  5989 | D:7      | Noticed a moth of wrath
  5991 | D:7      | Found a bloodstained altar of Trog.
  5996 | D:7      | Noticed a cyclops
  5997 | D:7      | Noticed brucemayne's ghost (amateur HOMo)
  6018 | D:7      | Found a transporter.
  6020 | D:7      | Found a transporter.
  6106 | D:8      | Noticed a two-headed ogre
  6116 | D:8      | Killed a two-headed ogre
  6130 | D:8      | Reached skill level 11 in Axes
  6136 | D:8      | Reached XP level 10. HP: 15/90 MP: 9/9
  6137 | D:8      | Found a hazy altar of Hepliaklqana.
  6221 | D:8      | Paralysed by fainting for 8 turns
  6945 | D:8      | Noticed a two-headed ogre
  6953 | D:8      | Killed a two-headed ogre
  7009 | D:8      | Found an ornate altar of the Wu Jian Council.
  7258 | D:9      | Reached skill level 12 in Axes
  7420 | D:9      | Noticed a cyclops
  7431 | D:9      | Killed a cyclops
  7878 | D:9      | Noticed a two-headed ogre
  7884 | D:9      | Killed a two-headed ogre
  7884 | D:9      | Reached XP level 11. HP: 85/99 MP: 10/10
  8033 | D:10     | Entered Level 10 of the Dungeon
  8061 | D:10     | Reached skill level 10 in Armour
  8069 | D:10     | Reached skill level 10 in Fighting
  8084 | D:10     | Found a staircase to the Lair.
  8112 | D:10     | Reached skill level 13 in Axes
  8112 | D:10     | Reached skill level 10 in Shields
  8263 | D:10     | HP: 1/99 [something (8)]
  8268 | Lair:1   | Entered Level 1 of the Lair of Beasts
  8765 | Lair:1   | Noticed Gastronok
  8788 | Lair:1   | Killed Gastronok
  9429 | Lair:1   | Slain by a spiny frog

Levels and vault maps discovered:
D:1:      onia_arrival_zoo_common, layout_loops_ring
D:2:      wander_river, layout_basic, lemuel_round_altar, fedhas_altar_4,
          first_ration, kennysheep_generic_room_2
D:3:      layout_loops_corners, portal_sewer_entry_e, tgw_sif
D:4:      layout_loops_cross, lemuel_doored_altar, minmay_temple_entry_junction,
          uniq_duvessa
D:5:      layout_cave_pools, elyvilon_altar_1, nicolae_overflow_hidden_temple,
          uniq_sigmund, uniq_eustachio
D:6:      layout_cave_pods, tso_altar, ashenzari_altar_1, serial_glass,
          glass_columns_c, glass_columns_b, due_unseen_surprise,
          item_on_display_a, item_on_display_a, enter_ossuary_5, hex_large
D:7:      layout_rooms, overflow_temple_1_default, dancing_weapons_uskayaw,
          gammafunk_ghost_wrathful_warriors, uniq_menkaure
D:8:      minmay_chambers_of_sixes, layout_rooms,
          nicolae_overflow_crystal_walls, overflow_temple_1_default
D:9:      minmay_cornered_nines, layout_basic
D:10:     layout_cave_pods, david_lair_generic, david_orc_5,
          hangedman_little_slice_of_home, chequers_serial_rivers_room_b
Lair:1:   layout_loops_ring, uniq_gastronok

Skill      XL: |  1  2  3  4  5  6  7  8  9 10 11 |
---------------+----------------------------------+-----
Axes           | 3 4 5 6 7 9 11 12 13 | 13.7
Fighting       | 4 5 6 7 8 9 10 | 10.6
Armour         | 4 5 6 7 8 9 10 | 10.6
Shields        | 4 5 6 7 8 9 10 | 10.5

Action                   |  1- 3 |  4- 6 |  7- 9 | 10-12 || total
-------------------------+-------+-------+-------+-------++-------
Melee: War axe           |    86 |    76 |   302 |   308 ||   772
       Headbutt          |     8 |     9 |    40 |    73 ||   130
Invok: Curse Item        |       |     1 |       |       ||     1
  Use: Potion            |       |     1 |     4 |     4 ||     9
       Scroll            |       |       |       |    10 ||    10
  Eat: Chunk             |     1 |     2 |    14 |     7 ||    24
       Ration            |       |       |       |     2 ||     2
Armor: Scale mail        |    39 |    42 |       |       ||    81
       Plate armour      |       |    10 |   181 |   125 ||   316
Dodge: Dodged            |    40 |    17 |    60 |    49 ||   166
Block: Shield            |    49 |    54 |   214 |   162 ||   479
